 Dungeon Crawl Stone Soup version 0.18-b1-2-gd0c887e (webtiles) character file.

24 RudyRod the Firebug (level 2, -2/19 HPs)
             Began as a Demonspawn Fire Elementalist on Apr 28, 2016.
             Slain by a worm (3 damage)
             ... on level 1 of the Dungeon.
             The game lasted 00:08:20 (1153 turns).

RudyRod the Firebug (Demonspawn Fire Elementalist)  Turns: 1153, Time: 00:08:21

Health: -2/19      AC:  2    Str:  8    XL:     2   Next: 79%
Magic:  1/5        EV: 12    Int: 20    God:
Gold:   47         SH:  0    Dex: 13    Spells: 2 memorised, 2 levels left

rFire  . . .     SeeInvis .     e - +0 club
rCold  . . .     Gourm    .     k - +0 robe
rNeg   . . .     Faith    +     (no shield)
rPois  .         Spirit   .     (no helmet)
rElec  .         Dismiss  .     (no cloak)
rCorr  .         Reflect  .     (no gloves)
SustAt .         Harm     .     (no boots)
MR     .....                    h - amulet of faith
Stlth  ++........               (no ring)
                                (no ring)

@: not resistant to hostile enchantments, unstealthy
A: icy blue scales 1, clever 2, deformed body
a: no special abilities


You were on level 1 of the Dungeon.
You were not hungry.

You visited 1 branch of the dungeon, and saw 2 of its levels.

You collected 47 gold pieces.

Inventory:

Hand Weapons
 e - a +0 club (weapon)
Armour
 a - a +0 robe
 k - a +0 robe (worn)
 p - a +0 robe
Jewellery
 h - an amulet of faith (around neck)
Scrolls
 d - a scroll of identify
 j - a scroll of amnesia {unknown}
 m - a scroll of recharging {unknown}
 n - a scroll of fear {unknown}
 o - a scroll of remove curse {unknown}
Potions
 f - a potion of curing {unknown}
 g - a potion of heal wounds {unknown}
Books
 b - a book of Flames

   Spells                             Type                      Level
   a - Flame Tongue                   Conjuration/Fire             1
   b - Throw Flame                    Conjuration/Fire             2
   c - Conjure Flame                  Conjuration/Fire             3
   d - Inner Flame                    Hexes/Fire                   3
   e - Sticky Flame                   Conjuration/Fire             4
   f - Fireball                       Conjuration/Fire             5
Comestibles
 c - 2 bread rations
 i - 2 chunks of flesh
 l - a royal jelly


   Skills:
 + Level 1.9 Dodging
 + Level 2.1 Stealth
 + Level 2.1 Spellcasting
 + Level 1.3 Conjurations
 + Level 3.2 Fire Magic


You had 2 spell levels left.
You knew the following spells:

 Your Spells              Type           Power        Failure   Level  Hunger
a - Flame Tongue          Conj/Fire      ##...        10%         1    #......
b - Throw Flame           Conj/Fire      ##....       12%         2    ##.....


Dungeon Overview and Level Annotations

Branches:
Dungeon (2/15)

Altars:


Innate Abilities, Weirdness & Mutations

You are partially covered in icy blue scales (AC +1).
Your mind is very acute. (Int +4)
Armour fits poorly on your strangely shaped body.


Message History

You barely miss the worm.
The worm is severely wounded.
You barely miss the worm.
The worm is severely wounded.
The worm bites you!
Ouch! That really hurt!
You barely miss the worm.
The worm is heavily wounded.
The worm barely misses you.
There is a stone staircase leading up here.
You climb upwards.
There is a stone staircase leading down here.
The worm bites you!
* * * LOW HITPOINT WARNING * * *
You climb downwards.
There is a stone staircase leading up here.
You climb upwards.
There is a stone staircase leading down here.
The worm bites you.
You die...

#####......##.....
#####.................
#..............##....#
#........#######......
#........# #........
#........# #.#......
#........# #.#......
#....w...#####....####
#....@................
#........########.####
#........# #........
#........# #........
#####.########........
#######.................
#..........#####........
#..........# #........
#..........# ##.....#.


You could see a worm.

Vanquished Creatures
  A dart slug (D:1)
  7 bats (D:1)
  A giant cockroach (D:1)
  4 hobgoblins (D:1)
  A kobold (D:1)
  3 giant newts
  3 goblins (D:1)
  2 rats (D:1)
22 creatures vanquished.

Notes
Turn   | Place    | Note
--------------------------------------------------------------
     0 | D:1      | RudyRod the Demonspawn Fire Elementalist began the quest for the Orb.
     0 | D:1      | Reached XP level 1. HP: 13/13 MP: 3/3
   343 | D:1      | Reached skill level 3 in Fire Magic
   354 | D:1      | Gained mutation: You are partially covered in icy blue scales (AC +1). [demonic ancestry]
   354 | D:1      | Reached XP level 2. HP: 19/19 MP: 1/5
   637 | D:1      | Gained mutation: Your mind is acute. (Int +2) [potion of mutation]
   637 | D:1      | Gained mutation: Armour fits poorly on your strangely shaped body. [potion of mutation]
   637 | D:1      | Gained mutation: Your mind is very acute. (Int +4) [potion of mutation]
  1138 | D:2      | Learned a level 2 spell: Throw Flame
  1153 | D:1      | Slain by a worm

Skill      XL: |  1  2 |
---------------+-------+-----
Fire Magic     | 3 |  3.2
Stealth        | 2 |  2.1
Dodging        | |  1.9
Spellcasting   | |  2.1
Conjurations   | |  1.3

Action                   || total
-------------------------++-------
Melee: Club              ||    13
 Cast: Flame Tongue      ||    31
       Throw Flame       ||     2
  Use: Scroll            ||     2
       Potion            ||     1
  Eat: Chunk             ||     1
Armor: Robe              ||    12
Dodge: Dodged            ||    18
